 Dungeon Sprint DCSS version 0.31-a0-977-gc230f8ef24 (webtiles) character file.

Game seed: 7080863630652746894

4 fozzywoppz the Insei (level 1, 0/17 HPs)
             Began as a Demonspawn Gladiator on Oct 29, 2023.
             Frozen to death by an endoplasm (4 damage)
             ... in the Dungeon (Sprint IX: "|||||||||||||||||||||||||||||").
             The game lasted 00:00:16 (20 turns).

fozzywoppz the Insei (Demonspawn Gladiator)           Turns: 20, Time: 00:00:17

Health: 0/17       AC:  4    Str: 14    XL:     1   Next: 50%
Magic:  1/1        EV: 12    Int:  9    God:
Gold:   0          SH:  0    Dex: 14    Spells: 0/0 levels left

rFire   . .          .
                       - Unarmed
rCold   . . .        (no shield)
rNeg    . . .        a - +0 leather armour
rPois   .            b - +0 helmet
rElec   .            (no cloak)
rCorr   .            (no gloves)
SInv    .            (no boots)
Will    .....        (no amulet)
Stlth   +            (no ring)
HPRegen 0.22/turn    (no ring)
MPRegen 0.07/turn

%: no teleportation
@: no status effects
A: no striking features
a: no special abilities


You were in the Dungeon.
You visited 1 branch

Inventory:

Missiles
 c - 3 throwing nets (quivered)
 d - a javelin
Armour
 a - a +0 leather armour (worn)
 b - a +0 helmet (worn)
Scrolls
 j - a scroll of blinking
Potions
 e - a potion of curing
 f - a potion of heal wounds
 g - a potion of haste
 h - 2 potions of magic
 i - a potion of berserk rage


   Skills:
 + Level 2.5 Fighting
 + Level 2.2 Throwing
 + Level 3.0 Dodging
 + Level 3.0 Unarmed Combat


You couldn't memorise any spells.
You didn't know any spells.
Your spell library was empty.

Dungeon Overview and Level Annotations

Branches:
Dungeon (1/1)

Altars:


Message History

The quokka misses you.
You closely miss the quokka.
The endoplasm quivers.
The quokka misses you.
You barely miss the quokka. The quokka barely misses you.
You barely miss the quokka. The quokka misses you.
You hit the quokka but do no damage. The quokka bites you.
You miss the quokka. The quokka barely misses you.
The endoplasm jiggles.
The quokka bites you.
You hit the quokka.
The quokka is heavily wounded.
The quokka barely misses you.
You hit the quokka.
The quokka is severely wounded.
The quokka barely misses you.
You hit the quokka.
You kill the quokka!
Your Throwing skill increases to level 2!
You closely miss the goblin. The goblin barely misses you.
You hit the goblin.
You kill the goblin!
Your Dodging skill increases to level 3!
Your Unarmed Combat skill increases to level 3!
You hit the endoplasm.
The endoplasm is heavily wounded.
The endoplasm freezes you.
You are frozen.
* * * LOW HITPOINT WARNING * * *
Unknown command.
You hit the endoplasm but do no damage.
The endoplasm is heavily wounded.
The endoplasm barely misses you.
You hit the endoplasm.
You kill the endoplasm!
You hit the endoplasm. You punch the endoplasm.
The endoplasm is almost dead.
The endoplasm freezes you.
You are frozen.
You die...

▓+▓
▓.▓
▓.▓
▓.▓
▓.▓
▓J▓
▓J▓
▓@▓
▓.▓
▓.▓
▓<▓
▓▓▓


You could see 2 endoplasms.

Vanquished Creatures
  An endoplasm (D)
  A goblin (D)
  A quokka (D)
3 creatures vanquished.

Notes
Turn   | Place    | Note
-------+----------+-------------------------------------------
     0 | D        | fozzywoppz the Demonspawn Gladiator began the quest for the
                  | Orb.
     0 | D        | Reached XP level 1. HP: 16/16 MP: 1/1
    20 | D        | Frozen to death by an endoplasm

Illustrated notes

Levels and vault maps discovered:
D:        linesprint [early_d, line_temple, items_1, d_10, items_2, lair_1,
          lair_end, items_3, orc_1, orc_end, items_4, d_15, swamp_1, shoals_1,
          snake_1, spider_1, d_20, vaults_1, items_5, swamp_end, shoals_end,
          snake_end, spider_end, vaults_end, d_27, items_6, zot_1, zot_end,
          crypt_end, forest_end, elf_end, slime_end, tomb_end, abyss_end,
          pan_hell_end]

Skill      XL: |  1 |
---------------+----+-----
Throwing       | 2 |  2.2
Dodging        | 3 |  3.0
Unarmed Combat | 3 |  3.0
Fighting       | |  2.5

Action                     || total
---------------------------++-------
  Melee: Unarmed           ||    17
         Punch             ||     1
 Armour: Leather armour    ||     4
  Dodge: Dodged            ||    10

Table legend: (Time is in decaauts)
 A = Elapsed time spent in this place.
 B = Non-inter-level travel time spent in this place.
 C = Inter-level travel time spent in this place.
 D = Time resting spent in this place.
 E = Time spent auto-exploring this place.
 F = Levels seen in this place.
 G = Mean time per level.
                   A        B        C        D        E       F      G
               +--------+--------+--------+--------+--------+-----+--------+
         Total |     19 |     19 |      0 |      0 |      0 |   1 |   19.0 |
       Dungeon |     19 |     19 |      0 |      0 |      0 |   1 |   19.0 |
               +--------+--------+--------+--------+--------+-----+--------+

Top non-repeatable levels by time:
       D: 19 daAuts
